 Dungeon Crawl Stone Soup version 0.26-a0-690-gcb57259078 (webtiles) character file.

Game seed: 3827293923343798863

88 Peloso the Covered (level 4, -4/35 HPs)
             Began as a Demonspawn Fighter on Oct 24, 2020.
             Slain by a large abomination (18 damage)
             ... on level 1 of the Abyss.
             The game lasted 00:03:37 (1846 turns).

Peloso the Covered (Demonspawn Fighter)             Turns: 1846, Time: 00:03:39

Health: -4/35      AC: 13    Str: 18    XL:     4   Next: 30%
Magic:  4/4        EV:  3    Int:  9    God:
Gold:   150        SH:  9    Dex: 12    Spells: 3/3 levels left

rFire    . . .     SeeInvis .   a - +1 long sword
rCold    . . .     Faith    .   c - +0 kite shield
rNeg     . . .     Spirit   .   h - +0 plate armour
rPois    .         Reflect  .   (no helmet)
rElec    .         Harm     .   (no cloak)
rCorr    .         Rampage  .   (no gloves)
MR       .....                  (no boots)
Stlth    ..........             (no amulet)
HPRegen  0.11/turn              (no ring)
MPRegen  0.09/turn              (no ring)

@: no status effects
A: sharp scales 2
a: no special abilities


You were on level 1 of the Abyss.
You visited 1 branch of the dungeon, and saw 3 of its levels.
You visited the Abyss 1 time.

You collected 150 gold pieces.

Inventory:

Hand Weapons
 a - a +1 long sword (weapon)
Armour
 b - a +0 scale mail
 c - a +0 kite shield (worn)
 h - a +0 plate armour (worn)
Scrolls
 e - a scroll of fog {unknown}
 f - 2 scrolls of remove curse
 g - a scroll of identify
 i - 3 scrolls of enchant weapon
Potions
 d - 4 potions of might
 j - a potion of ambrosia {unknown}


   Skills:
 + Level 3.3 Fighting
 + Level 2.5 Long Blades
 + Level 3.6 Armour
 + Level 0.1 Dodging
 + Level 3.2 Shields


You had 3 spell levels left.
You didn't know any spells.
Your spell library was empty.

Dungeon Overview and Level Annotations

Branches:
Dungeon (3/15)

Altars:
Ru
Sif Muna
Yredelemnul


Innate Abilities, Weirdness & Mutations

You are mostly covered in razor-sharp scales. (AC +2, Slay +2)


Message History

The white imp gestures at you. The puff of frost hits you.
You slash the white imp!
You kill the white imp!
Found a robe.
There is a corrupted altar of Lugonu here.
i - 2 scrolls of enchant weapon (gained 1)
You now have 150 gold pieces (gained 29).
i - 3 scrolls of enchant weapon (gained 1) Key pressed, stopping explore.
A large abomination punctures the fabric of the universe.
A large abomination is nearby!
You block the large abomination's attack.
You hit the large abomination.
The large abomination is lightly damaged.
The large abomination hits you!!
Ouch! That really hurt!
The large abomination hits you!!
Ouch! That really hurt!
You die...

# ## #. #. ...# #.
#. ## .#....#.#
#.###.## ...
.....###.#X..#
#...##......@#ยง#.
#. ..
#.#.........# .#..
#...###...##....#
.#... .##
#...#...##.# ... #
.#...###....# ..
#...#. ..#.##
#.#.# .. ..# ##.#
##.# #.## #
......#... ## #.
#.....#...#.# .#


You could see a large abomination.

Vanquished Creatures
  2 adders (D:2)
  A white imp (Abyss:1)
  An ooze (D:1)
  A worm (D:2)
  6 leopard geckos
  An orc (D:3)
  5 bats
  5 goblins
  6 hobgoblins
  6 jackals (D:1)
  5 kobolds
  A ball python (D:3)
  5 frilled lizards
  A rat (D:1)
46 creatures vanquished.

Notes
Turn   | Place    | Note
-------+----------+-------------------------------------------
     0 | D:1      | Peloso the Demonspawn Fighter began the quest for the Orb.
     0 | D:1      | Reached XP level 1. HP: 18/18 MP: 1/1
   156 | D:1      | Gained mutation: You are partially covered in razor-sharp
                  | scales. (AC +1, Slay +1) [demonic ancestry]
   156 | D:1      | Reached XP level 2. HP: 24/24 MP: 2/2
   498 | D:1      | Gained mutation: You are mostly covered in razor-sharp
                  | scales. (AC +2, Slay +2) [demonic ancestry]
   498 | D:1      | Reached XP level 3. HP: 28/29 MP: 3/3
  1236 | D:2      | Reached XP level 4. HP: 33/35 MP: 4/4
  1370 | D:2      | Found a sacrificial altar of Ru.
  1370 | D:2      | Found a basalt altar of Yredelemnul.
  1649 | D:2      | Found a shimmering blue altar of Sif Muna.
  1751 | D:3      | Cast into level 1 of the Abyss (orc)
  1777 | Abyss:1  | Found a corrupted altar of Lugonu.
  1842 | Abyss:1  | Noticed a large abomination
  1846 | Abyss:1  | Slain by a large abomination

Illustrated notes

Levels and vault maps discovered:
D:1:      noname_arrival_rooms_in_the_neighbourhood, layout_basic
D:2:      layout_rooms, gammafunk_temple_overflow_pools, marbit_many_paths
D:3:      layout_basic, ashenzari_altar_1, serial_corexii_hall,
          chequers_hall_statues_wall_a, corexii_hall_statues_s,
          chequers_hall_statues_y, corexii_hall_statues_deadend,
          portal_sewer_entry_d
Abyss:1:  base: Sewer, lemuel_flamethrower_3

Skill      XL: |  1  2  3 |
---------------+----------+-----
Armour         | 3 |  3.6
Long Blades    | 2 |  2.5
Shields        | 3 |  3.2
Fighting       | |  3.3
Dodging        | |  0.1

Action                   |  1- 3 |  4- 6 || total
-------------------------+-------+-------++-------
Melee: Long sword        |   114 |    19 ||   133
  Use: Potion            |     2 |       ||     2
       Scroll            |     3 |       ||     3
Armor: Scale mail        |    72 |       ||    72
       Plate armour      |       |     8 ||     8
Dodge: Dodged            |    44 |     1 ||    45
Block: Kite shield       |    64 |     6 ||    70
       Rpst.: Long sword |    15 |       ||    15

Table legend: (Time is in decaauts)
 A = Elapsed time spent in this place.
 B = Non-inter-level travel time spent in this place.
 C = Inter-level travel time spent in this place.
 D = Time resting spent in this place.
 E = Time spent auto-exploring this place.
 F = Levels seen in this place.
 G = Mean time per level.
                   A        B        C        D        E       F      G
               +--------+--------+--------+--------+--------+-----+--------+
         Total |   1894 |   1846 |     48 |      0 |   1374 |   4 |  473.5 |
       Dungeon |   1797 |   1749 |     48 |      0 |   1293 |   3 |  599.0 |
         Abyss |     96 |     96 |      0 |      0 |     81 |   1 |   96.0 |
               +--------+--------+--------+--------+--------+-----+--------+

Top non-repeatable levels by time:
     D:1: 932 daAuts
     D:2: 836 daAuts
 Abyss:1: 96 daAuts
     D:3: 29 daAuts
